 Seeded DCSS version 0.28-a0-1447-ga5a8893891 (webtiles) character file.

Game seed: 16547235032290611671 (custom seed)

173 flotson the Chopper (level 5, -3/40 HPs)
             Began as a Demonspawn Gladiator on Jan 12, 2022.
             Slain by an ogre (32 damage)
             ... on level 4 of the Dungeon.
             The game lasted 00:03:50 (2481 turns).

flotson the Chopper (Demonspawn Gladiator)          Turns: 2481, Time: 00:03:50

Health: -3/40      AC:  8    Str: 16    XL:     5   Next: 28%
Magic:  5/5        EV: 14    Int: 10    God:
Gold:   258        SH:  5    Dex: 20    Spells: 4/4 levels left

rFire   . . .      SeeInvis .   a - +2 war axe (freeze)
rCold   + . .      Faith    .   j - +0 buckler
rNeg    . . .      Spirit   .   i - +2 ring mail {rC+}
rPois   .          Reflect  .   c - +0 helmet
rElec   .          Harm     .   (no cloak)
rCorr   .          Rampage  .   (no gloves)
Will    .....                   (no boots)
Stlth   +.........              (no amulet)
HPRegen 0.13/turn               f - +6 ring of dexterity
MPRegen 0.09/turn               (no ring)

@: no status effects
A: repulsion field 1, ignite blood 1, spiny 1
a: no special abilities


You were on level 4 of the Dungeon.
You visited 1 branch of the dungeon, and saw 5 of its levels.

You collected 258 gold pieces.

Inventory:

Hand Weapons
 a - a +2 war axe of freezing (weapon)
Missiles
 b - 29 sling bullets
 d - 3 throwing nets (quivered)
 e - 3 datura-tipped darts
 t - 7 poisoned darts
 v - 4 boomerangs
Armour
 c - a +0 helmet (worn)
 i - a +2 ring mail of cold resistance (worn)
 j - a +0 buckler (worn)
 k - the +1 scale mail of Piot {*Slow rPois Int+2}
   (You found it on level 2 of the Dungeon)

   Int:       It affects your intelligence (+2).
   rPois:     It protects you from poison.
   *Slow:     It may slow you when you take damage.
Jewellery
 f - a +6 ring of dexterity (left hand)
 r - a ring of willpower
Scrolls
 g - a scroll of teleportation {unknown}
 h - 2 scrolls of identify {unknown}
 l - a scroll of enchant weapon {unknown}
 o - a scroll of vulnerability {unknown}
 p - a scroll of torment {unknown}
 w - a scroll of amnesia {unknown}
Potions
 m - a potion of curing {unknown}
 n - a potion of mutation {unknown}
 q - a potion of attraction {unknown}
 s - 2 potions of berserk rage {unknown}
 u - 2 potions of heal wounds {unknown}


   Skills:
 + Level 2.9 Fighting
 + Level 3.4 Axes
 + Level 2.6 Throwing
 + Level 1.6 Armour
 + Level 3.3 Dodging
 + Level 1.1 Shields


You had 4 spell levels left.
You didn't know any spells.
Your spell library contained the following spells:

 Spells                   Type           Power      Damage    Failure   Level
 Blink                    Tloc           0%         N/A       82%         2
 Static Discharge         Conj/Air       0%         N/A       82%         2
 Lesser Beckoning         Tloc           0%         N/A       96%         3
 Lightning Bolt           Conj/Air       0%         1d11      100%        5
 Manifold Assault         Tloc           0%         N/A       100%        5
 Dispersal                Tloc           0%         N/A       100%        6
 Disjunction              Tloc           0%         N/A       100%        8
 Maxwell's Capacitive Co  Air            0%         ∞         100%        8


Dungeon Overview and Level Annotations

Branches:
Dungeon (5/15)
 Temple: D:4-7

Altars:
Zin

Shops:
D:1 (


Innate Abilities, Weirdness & Mutations

You are surrounded by a mild repulsion field. (EV +2)
Your demonic aura sometimes causes spilled blood to erupt in flames.
You are partially covered in sharp spines.


Message History

u - 2 coppery potions (gained 1)
Found 4 boomerangs.
Found a stone staircase leading down.
You see here 4 boomerangs.
v - 4 boomerangs
There is a stone staircase leading down here.
w - a scroll labelled GOIKEL QERGHEZE You open the door.
There is an open door here.
There is a fountain of clear blue water here.
You now have 258 gold pieces (gained 11).
You open the door.
There is an open door here.
There is a fountain of clear blue water here.
You open the door.
There is an open door here.
Done exploring.
Done exploring.
(D) Dungeon
Where to? (Enter - D:4, ? - help)
There is a stone staircase leading down here.
You climb downwards.
The ogre shouts!
The shadow imp shouts, "Run away, thou defiled weather-bitten boar-pig!"
The water moccasin hisses angrily.
The hound barks!
Found 16 gold pieces.
There is a stone staircase leading up here.
There are monsters nearby!
The ogre is struck by your spines. The ogre barely misses you.
You climb upwards.
There is a stone staircase leading down here.
You hit the ogre but do no damage.
The ogre is lightly wounded.
The ogre hits you with a +0 giant club!
Unknown command.
You barely miss the ogre.
The ogre is lightly wounded.
The ogre hits you with a +0 giant club!!
Ouch! That really hurt!
You die...

.##
###..###.⌠...⌠.#..## .#
#......#.......#.## ##
##....#.'...⌠...'.# #
#.....###.......### #
#.....# #.⌠...⌠.# ###
####..# #.......# #..
#..# ####+#### #..
##..## #.# ##.. ##..@O#
#.######...
#.....#####..........
##..##................
##..##.........########
##...#......#####
#....#.......#
####.######### ###


You could see an ogre.

Vanquished Creatures
  2 hounds (D:4)
  2 adders
  2 ufetubi
  An adder skeleton (D:4)
  3 worms
  4 dart slugs
  An orc (D:4)
  6 ball pythons
  6 endoplasms
  3 giant cockroaches
  10 goblins
  4 hobgoblins
  3 quokkas
  2 bats (D:2)
  2 frilled lizards
  7 kobolds
  6 rats
64 creatures vanquished.

Notes
Turn   | Place    | Note
-------+----------+-------------------------------------------
     0 | D:1      | flotson the Demonspawn Gladiator began the quest for the
                  | Orb.
     0 | D:1      | Reached XP level 1. HP: 16/16 MP: 1/1
    29 | D:1      | Found Vik Jeol's Antique Weapon Shoppe.
   174 | D:1      | Gained mutation: Your demonic aura sometimes causes spilled
                  | blood to erupt in flames. [demonic ancestry]
   174 | D:1      | Reached XP level 2. HP: 12/22 MP: 2/2
   794 | D:2      | Gained mutation: You are partially covered in sharp spines.
                  | [demonic ancestry]
   794 | D:2      | Reached XP level 3. HP: 28/28 MP: 3/3
   982 | D:2      | Reached skill level 1 in Armour
  1036 | D:2      | Identified the +1 scale mail of Piot {*Slow rPois Int+2}
  1450 | D:3      | Reached XP level 4. HP: 34/34 MP: 4/4
  2111 | D:4      | Reached skill level 1 in Shields
  2111 | D:4      | Gained mutation: You are surrounded by a mild repulsion
                  | field. (EV +2) [demonic ancestry]
  2111 | D:4      | Reached XP level 5. HP: 40/40 MP: 5/5
  2477 | D:5      | Entered Level 5 of the Dungeon
  2477 | D:5      | Noticed an ogre
  2477 | D:5      | Noticed a water moccasin
  2481 | D:4      | Slain by an ogre

Illustrated notes

Levels and vault maps discovered:
D:1:      nzn_arrival_settlement, layout_rooms, serial_shops,
          nicolae_shop_statue_plus, minmay_pentomino_q2
D:2:      layout_rooms
D:3:      layout_rooms, mainiacjoe_overflow_catwalk, st_stairs_9,
          hex_intersection
D:4:      layout_cave_pods, minmay_fountain_box
D:5:      layout_layer_cave, st_stairs_3, uniq_pikel, uniq_eustachio

Skill      XL: |  1  2  3  4 |
---------------+-------------+-----
Throwing       | 2 |  2.6
Axes           | 3 |  3.4
Dodging        | 3 |  3.3
Armour         | 1 |  1.6
Shields        | 1 |  1.1
Fighting       | |  2.9

Action                   |  1- 3 |  4- 6 || total
-------------------------+-------+-------++-------
Melee: War axe           |    50 |    36 ||    86
       Punch             |     1 |       ||     1
       Hand axe          |    28 |     4 ||    32
 Stab: Sleeping          |     1 |       ||     1
Armor: Leather armour    |    10 |       ||    10
       Ring mail         |    10 |     7 ||    17
Dodge: Dodged            |    56 |    21 ||    77
Block: Buckler           |     1 |     9 ||    10

Table legend: (Time is in decaauts)
 A = Elapsed time spent in this place.
 B = Non-inter-level travel time spent in this place.
 C = Inter-level travel time spent in this place.
 D = Time resting spent in this place.
 E = Time spent auto-exploring this place.
 F = Levels seen in this place.
 G = Mean time per level.
                   A        B        C        D        E       F      G
               +--------+--------+--------+--------+--------+-----+--------+
         Total |   2516 |   2407 |    109 |      0 |   1951 |   5 |  503.2 |
       Dungeon |   2516 |   2407 |    109 |      0 |   1951 |   5 |  503.2 |
               +--------+--------+--------+--------+--------+-----+--------+

Top non-repeatable levels by time:
     D:4: 846 daAuts
     D:1: 802 daAuts
     D:2: 440 daAuts
     D:3: 425 daAuts
     D:5: 1 daAuts
